 Dungeon Crawl Stone Soup version 0.27.1 (webtiles) character file.

Game seed: 800329105961993635

331 funkygono the Firebug (level 6, -7/32 HPs)
             Began as a Gargoyle Fire Elementalist on Aug 25, 2021.
             Killed from afar by a steam dragon (15 damage)
             ... with a ball of steam
             ... on level 4 of the Dungeon.
             The game lasted 00:10:50 (4815 turns).

funkygono the Firebug (Gargoyle Fire Elementalist)  Turns: 4815, Time: 00:10:50

Health: -7/32      AC:  8    Str: 12    XL:     6   Next: 51%
Magic:  0/11       EV: 12    Int: 17    God:
Gold:   115        SH:  0    Dex: 10    Spells: 4/12 levels left

rFire    . . .     SeeInvis .   o - +2 flail (protect)
rCold    . . .     Faith    .   (no shield)
rNeg     + . .     Spirit   .   a - +0 robe
rPois    ∞         Reflect  .   (no helmet)
rElec    +         Harm     .   m - +1 cloak
rCorr    .         Rampage  .   (no gloves)
Will     .....                  (no boots)
Stlth    ++........             (no amulet)
HPRegen  0.10/turn              (no ring)
MPRegen  0.12/turn              (no ring)

@: no status effects
A: sickness immunity, AC +4, negative energy resistance 1, electricity
resistance, torment resistance 1, petrification resistance
a: no special abilities


You were on level 4 of the Dungeon.
You visited 1 branch of the dungeon, and saw 4 of its levels.

You collected 115 gold pieces.

Inventory:

Hand Weapons
 d - a +0 whip
 l - a +3 quarterstaff of chaos
 n - a +2 vorpal mace
 o - a +2 flail of protection (weapon)
Missiles
 f - 48 stones
Armour
 a - a +0 robe (worn)
 j - a +0 leather armour
 m - a +1 cloak (worn)
Magical Staves
 k - a staff of fire
Scrolls
 e - a scroll of enchant armour
 i - a scroll of blinking
Potions
 b - a potion of invisibility
 c - 3 potions of curing
 h - 2 potions of lignification
 p - a potion of magic {unknown}


   Skills:
 + Level 0.1 Fighting
 + Level 1.9 Dodging
 - Level 2.1 Stealth
 * Level 3.7 Spellcasting
 * Level 3.7 Conjurations
 * Level 4.8 Fire Magic


You had 4 spell levels left.
You knew the following spells:

 Your Spells              Type           Power      Damage    Failure   Level
a - Foxfire               Conj/Fire      68%        2x1d7     2%          1
b - Conjure Flame         Conj/Fire      17%        6-21      9%          3
c - Sticky Flame          Conj/Fire      17%        2d4       26%         4

Your spell library contained the following spells:

 Spells                   Type           Power      Damage    Failure   Level
 Magic Dart               Conj           60%        1d6       3%          1
 Inner Flame              Hex/Fire       11%        N/A       19%         3
 Poisonous Vapours        Pois/Air       6%         N/A       24%         2
 Fireball                 Conj/Fire      8%         3d6       58%         5
 Starburst                Conj/Fire      8%         6d4       99%         6
 Spellforged Servitor     Conj/Summ      4%         N/A       100%        7


Dungeon Overview and Level Annotations

Branches:
Dungeon (4/15)
 Temple: D:4-7

Altars:
Kikubaaqudgha
Makhleb
Yredelemnul


Innate Abilities, Weirdness & Mutations

You are immune to sickness and miasma.
Your stone body is resilient. (AC +4)
You are immune to poison.
You resist negative energy. (rN+)
You are resistant to electric shocks. (rElec)
You are resistant to unholy torment.
You are immune to petrification.


Message History

The foxfire hits the steam dragon but does no damage.
The steam dragon is moderately wounded.
The foxfire hits the steam dragon.
The steam dragon is moderately wounded.
The steam dragon closely misses you.
The steam dragon claws you but does no damage.
Casting: Foxfire (safe; 2% risk of failure)
Confirm with . or Enter, or press ? or * to list all spells.
You conjure some foxfire!
The foxfire hits the steam dragon.
The steam dragon is moderately wounded.
The foxfire hits the steam dragon.
The steam dragon is heavily wounded.
The steam dragon closely misses you. x2
Casting: Foxfire (safe; 2% risk of failure)
Confirm with . or Enter, or press ? or * to list all spells.
You conjure some foxfire!
The foxfire hits the steam dragon but does no damage.
The steam dragon is heavily wounded.
The foxfire hits the steam dragon.
The steam dragon is heavily wounded.
The steam dragon completely misses you.
The steam dragon claws you but does no damage.
Casting: Foxfire (safe; 2% risk of failure)
Confirm with . or Enter, or press ? or * to list all spells.
You conjure some foxfire!
The foxfire hits the steam dragon.
The steam dragon is heavily wounded.
The foxfire hits the steam dragon but does no damage.
The steam dragon is heavily wounded.
The steam dragon bites you.
* * * LOW HITPOINT WARNING * * *
The steam dragon closely misses you.
Casting: Foxfire (safe; 2% risk of failure)
Confirm with . or Enter, or press ? or * to list all spells.
You conjure some foxfire!
The foxfire hits the steam dragon.
The steam dragon is severely wounded.
The foxfire hits the steam dragon but does no damage.
The steam dragon is severely wounded.
The steam dragon breathes steam at you. The ball of steam hits you!
You die...

...†( # . .... #.
#... #.###..#
#......#
#......####
#.........#
#..^...D..#
#.##.§@v..#
#######.##.§§v..#
................#
#######.##....[.#
.............####
###########.#######
#<##...............
#.##.####.#########
#.# #...........


You could see a steam dragon (catching breath, ally target).

Vanquished Creatures
  A howler monkey (D:4)
  2 orc priests (D:3)
  Crazy Yiuf (D:2)
  Jessica (D:2)
  4 gnolls (D:3)
  3 adders
  An ufetubus (D:2)
  2 dart slugs
  11 orcs
  4 endoplasms
  11 giant cockroaches
  7 goblins
  6 hobgoblins
  6 jackals (D:1)
  5 kobolds
  4 quokkas
  12 ball pythons
  7 bats
  4 frilled lizards
  2 rats (D:1)
94 creatures vanquished.

Vanquished Creatures (others)
  301 foxfires
  8 withered plants (D:4)
309 creatures vanquished.

Grand Total: 403 creatures vanquished

Notes
Turn   | Place    | Note
-------+----------+-------------------------------------------
     0 | D:1      | funkygono the Gargoyle Fire Elementalist began the quest
                  | for the Orb.
     0 | D:1      | Reached XP level 1. HP: 10/10 MP: 3/3
   326 | D:1      | Reached XP level 2. HP: 15/15 MP: 1/5
   785 | D:1      | Found a faded altar of an unknown god.
   901 | D:1      | Got Baaziqu's Incunabulum of Poison and Attacks
  1065 | D:1      | Reached XP level 3. HP: 19/19 MP: 2/6
  1073 | D:1      | Learned a level 3 spell: Conjure Flame
  1903 | D:2      | Reached skill level 4 in Fire Magic
  1903 | D:2      | Reached XP level 4. HP: 21/24 MP: 5/8
  1908 | D:2      | Learned a level 4 spell: Sticky Flame
  2370 | D:2      | Noticed Jessica
  2389 | D:2      | Killed Jessica
  2820 | D:2      | Reached XP level 5. HP: 28/28 MP: 7/9
  3057 | D:2      | Found a runed translucent door.
  3058 | D:2      | Noticed Crazy Yiuf
  3073 | D:2      | Killed Crazy Yiuf
  3626 | D:3      | Found a basalt altar of Yredelemnul.
  3659 | D:3      | Reached XP level 6. HP: 19/32 MP: 1/11
  4521 | D:3      | Found a burning altar of Makhleb.
  4620 | D:4      | Found an ancient bone altar of Kikubaaqudgha.
  4624 | D:4      | Noticed a black bear
  4798 | D:4      | Noticed a steam dragon
  4815 | D:4      | Killed from afar by a steam dragon

Illustrated notes

Levels and vault maps discovered:
D:1:      kilobyte_arrival_exit_the_forest, layout_loops_ring,
          hellmonk_ecumenical_altar_zigzags
D:2:      minmay_roachtagon, layout_loops_ring, uniq_jessica,
          uniq_crazy_yiuf_cottage
D:3:      layout_loops_ring, yredelemnul_altar_generic,
          mainiacjoe_overflow_catwalk, palyth_stone_intersect,
          minmay_misc_feat_alley
D:4:      layout_basic, kiku_gazebo_garden_becter, uniq_edmund

Skill      XL: |  1  2  3  4  5 |
---------------+----------------+-----
Fire Magic     | 4 |  4.8
Conjurations   | 2 3 |  3.7
Spellcasting   | 3 |  3.7
Fighting       | |  0.1
Dodging        | |  1.9
Stealth        | |  2.1

Action                   |  1- 3 |  4- 6 || total
-------------------------+-------+-------++-------
Melee: Mace              |       |    17 ||    17
       Whip              |       |     1 ||     1
       Flail             |       |     6 ||     6
 Cast: Foxfire           |    64 |   116 ||   180
       Conjure Flame     |       |     1 ||     1
  Use: Scroll            |     1 |     5 ||     6
Armor: Robe              |    19 |    27 ||    46
Dodge: Dodged            |    60 |    31 ||    91
